3024 views
Uploaded 2020-03-25 08:36:03
Game version 1.32.3
28:50 long 4on4 ladder game on (8)Northshire_LV
Saved by BaDitO2
3024 views
Uploaded 2020-03-25 08:36:03
Game version 1.32.3
28:50 long 4on4 ladder game on (8)Northshire_LV


240 units @ 36.6k
/ 6.4k
96 buildings @ 14.4k
/ 6.8k

| Healing Salve | 1 | 100 |
| Orb of Lightning | 1 | 375 |
| Lesser Clarity Potion | 1 | 70 |
| Potion of Healing | 2 | 300 |
| Tiny Great Hall | 1 | 600 |
| Scroll of Town Portal | 5 | 1750 |
| total: | 11 | 3195g |
| Peon | 5 | 375 | / | 0 |
| Wind Rider | 12 | 3180 | / | 480 |
| Troll Batrider | 10 | 1600 | / | 400 |
| Shaman | 2 | 260 | / | 40 |
| Troll Witch Doctor | 2 | 290 | / | 50 |
| Goblin Shredder | 1 | 375 | / | 100 |
| total: | 32 | 6080g | / | 1070w |
| Watch Tower | 7 | 770 | / | 560 |
| Orc Burrow | 9 | 1440 | / | 360 |
| Altar of Storms | 1 | 180 | / | 50 |
| Voodoo Lounge | 1 | 130 | / | 30 |
| War Mill | 1 | 205 | / | 0 |
| Great Hall | 1 | 385 | / | 185 |
| Beastiary | 4 | 580 | / | 560 |
| Spirit Lodge | 1 | 150 | / | 150 |
| Stronghold | 1 | 315 | / | 190 |
| Fortress | 1 | 325 | / | 190 |
| total: | 25 | 3840g | / | 1895w |
| 0:06 | Peon |
| 0:07 | Peon |
| 0:08 | Peon |
| 0:40 | Peon |
| 0:40 | Peon |
| 0:48 | Orc Burrow |
| 1:05 | Altar of Storms |
| 1:22 | Stronghold |
| 1:39 | Voodoo Lounge |
| 2:15 | War Mill |
| 2:35 | Orc Burrow |
| 3:07 | Healing Salve |
| 3:12 | Critical Strike |
| 3:50 | Fortress |
| 3:57 | Orc Burrow |
| 5:00 | Goblin Shredder |
| 6:13 | Beastiary |
| 6:18 | Beastiary |
| 6:33 | Beastiary |
| 6:38 | Beastiary |
| 6:50 | Orb of Lightning |
| 6:50 | Lesser Clarity Potion |
| 6:51 | Potion of Healing |
| 6:58 | Orc Burrow |
| 7:03 | Orc Burrow |
| 7:10 | Orc Burrow |
| 7:16 | Reinforced Defenses |
| 7:20 | Envenomed Spears |
| 7:28 | Orc Burrow |
| 7:51 | Steel Ranged Weapons |
| 8:01 | Wind Rider |
| 8:19 | Wind Rider |
| 9:02 | Wind Rider |
| 9:09 | Spiked Barricades |
| 9:11 | Steel Armor |
| 9:29 | Wind Walk |
| 9:30 | Wind Walk |
| 10:07 | Tiny Great Hall |
| 10:54 | Wind Rider |
| 11:02 | Wind Walk |
| 11:42 | Wind Rider |
| 11:43 | Liquid Fire |
| 11:44 | Thorium Ranged Weapons |
| 12:02 | Watch Tower |
| 12:04 | Watch Tower |
| 12:13 | War Drums Damage Increase |
| 13:08 | Potion of Healing |
| 13:09 | Scroll of Town Portal |
| 13:24 | Wind Rider |
| 13:33 | Watch Tower |
| 13:50 | Arcanite Ranged Weapons |
| 14:19 | Wind Rider |
| 14:45 | Wind Rider |
| 14:59 | Critical Strike |
| 15:39 | Wind Walk |
| 15:47 | Wind Rider |
| 15:48 | Thorium Armor |
| 15:49 | Improved Spiked Barricades |
| 15:55 | Spirit Lodge |
| 17:17 | Scroll of Town Portal |
| 17:22 | Orc Burrow |
| 17:24 | Orc Burrow |
| 17:37 | Arcanite Armor |
| 18:24 | Watch Tower |
| 18:27 | Watch Tower |
| 18:30 | Watch Tower |
| 18:32 | Watch Tower |
| 18:38 | Steel Melee Weapons |
| 19:29 | Wind Rider |
| 19:32 | Scroll of Town Portal |
| 19:43 | Bladestorm |
| 20:19 | Wind Rider |
| 20:42 | Witch Doctor Adept Training |
| 20:43 | Shaman Adept Training |
| 21:44 | Scroll of Town Portal |
| 21:48 | Troll Batrider |
| 21:49 | Troll Batrider |
| 22:19 | Troll Batrider |
| 23:26 | Troll Batrider |
| 23:27 | Troll Batrider |
| 23:27 | Wind Rider |
| 23:31 | Thorium Melee Weapons |
| 23:32 | Shaman Master Training |
| 23:33 | Witch Doctor Master Training |
| 23:34 | Shaman |
| 23:34 | Shaman |
| 23:35 | Troll Witch Doctor |
| 23:53 | Scroll of Town Portal |
| 26:20 | Troll Batrider |
| 26:20 | Troll Batrider |
| 26:20 | Troll Batrider |
| 26:20 | Troll Batrider |
| 26:37 | Critical Strike |
| 26:38 | Mirror Image |
| 27:20 | Troll Batrider |
| 27:26 | Troll Witch Doctor |
| 28:11 | Great Hall |
| Right click | 791 |
| Select | 295 |
| Chat | 132 |
| Misc. action | 99 |
| Build/train/purchase | 80 |
| Use ability | 24 |
| Minimap ping | 23 |
| Resource trade | 5 |
| Item give/drop | 3 |

| Scroll of Regeneration | 5 | 500 |
| Lesser Clarity Potion | 2 | 140 |
| Potion of Healing | 1 | 150 |
| Scroll of Town Portal | 6 | 2100 |
| Scroll of Healing | 1 | 250 |
| Scroll of Protection | 1 | 150 |
| total: | 16 | 3290g |
| Peasant | 13 | 975 | / | 0 |
| Footman | 10 | 1350 | / | 0 |
| Gryphon Rider | 22 | 6160 | / | 1540 |
| Rifleman | 3 | 615 | / | 90 |
| Goblin Shredder | 1 | 375 | / | 100 |
| Assassin | 1 | 250 | / | 30 |
| Kobold Geomancer | 1 | 255 | / | 30 |
| Forest Troll High Priest | 3 | 915 | / | 120 |
| total: | 54 | 10895g | / | 1910w |
| Altar of Kings | 1 | 180 | / | 50 |
| Farm | 18 | 1440 | / | 360 |
| Barracks | 2 | 320 | / | 120 |
| Town Hall | 1 | 385 | / | 205 |
| Arcane Vault | 1 | 130 | / | 30 |
| Lumber Mill | 1 | 120 | / | 0 |
| Blacksmith | 1 | 140 | / | 60 |
| Gryphon Aviary | 3 | 420 | / | 450 |
| Keep | 1 | 320 | / | 210 |
| Castle | 1 | 360 | / | 210 |
| total: | 28 | 3135g | / | 1275w |
| 0:05 | Peasant |
| 0:05 | Peasant |
| 0:09 | Altar of Kings |
| 0:14 | Farm |
| 0:18 | Peasant |
| 0:25 | Barracks |
| 0:33 | Peasant |
| 0:39 | Farm |
| 0:52 | Peasant |
| 1:10 | Peasant |
| 1:10 | Peasant |
| 1:24 | Peasant |
| 1:31 | Footman |
| 1:45 | Peasant |
| 1:45 | Peasant |
| 1:50 | Footman |
| 2:01 | Farm |
| 2:09 | Summon Water Elemental |
| 2:13 | Footman |
| 2:25 | Farm |
| 2:31 | Peasant |
| 2:40 | Footman |
| 3:12 | Brilliance Aura |
| 3:24 | Town Hall |
| 3:56 | Peasant |
| 3:56 | Peasant |
| 4:05 | Arcane Vault |
| 4:41 | Footman |
| 5:00 | Goblin Shredder |
| 5:07 | Farm |
| 5:09 | Footman |
| 5:11 | Summon Water Elemental |
| 5:24 | Lumber Mill |
| 5:38 | Scroll of Regeneration |
| 5:40 | Lesser Clarity Potion |
| 5:45 | Footman |
| 5:49 | Keep |
| 6:22 | Scroll of Town Portal |
| 6:40 | Footman |
| 6:42 | Blacksmith |
| 7:00 | Footman |
| 7:03 | Defend |
| 7:05 | Barracks |
| 7:19 | Assassin |
| 7:22 | Kobold Geomancer |
| 7:38 | Forest Troll High Priest |
| 7:41 | Footman |
| 8:11 | Castle |
| 8:31 | Blizzard |
| 9:08 | Iron Forged Swords |
| 9:09 | Iron Plating |
| 9:11 | Gryphon Aviary |
| 9:13 | Gryphon Aviary |
| 9:15 | Gryphon Aviary |
| 9:54 | Farm |
| 9:55 | Farm |
| 9:55 | Farm |
| 9:55 | Farm |
| 9:56 | Farm |
| 9:56 | Farm |
| 9:57 | Farm |
| 9:57 | Farm |
| 9:58 | Farm |
| 10:17 | Steel Forged Swords |
| 10:54 | Storm Hammers |
| 10:55 | Gryphon Rider |
| 10:57 | Animal War Training |
| 10:58 | Sundering Blades |
| 11:40 | Gryphon Rider |
| 11:58 | Farm |
| 11:58 | Farm |
| 11:59 | Farm |
| 12:26 | Blizzard |
| 12:35 | Gryphon Rider |
| 13:06 | Gryphon Rider |
| 13:23 | Scroll of Town Portal |
| 13:44 | Mithril Forged Swords |
| 14:34 | Mass Teleport |
| 14:51 | Rifleman |
| 15:06 | Rifleman |
| 15:13 | Lesser Clarity Potion |
| 15:21 | Gryphon Rider |
| 15:27 | Scroll of Regeneration |
| 15:51 | Gryphon Rider |
| 15:54 | Farm |
| 16:39 | Gryphon Rider |
| 17:17 | Rifleman |
| 17:47 | Scroll of Town Portal |
| 17:47 | Scroll of Regeneration |
| 18:11 | Blizzard |
| 18:19 | Gryphon Rider |
| 18:57 | Gryphon Rider |
| 19:28 | Scroll of Town Portal |
| 19:28 | Potion of Healing |
| 19:33 | Brilliance Aura |
| 20:00 | Forest Troll High Priest |
| 20:37 | Gryphon Rider |
| 20:54 | Gryphon Rider |
| 21:47 | Gryphon Rider |
| 21:58 | Brilliance Aura |
| 22:25 | Gryphon Rider |
| 22:36 | Gryphon Rider |
| 23:11 | Gryphon Rider |
| 23:28 | Studded Leather Armor |
| 23:52 | Scroll of Protection |
| 23:53 | Scroll of Healing |
| 23:59 | Gryphon Rider |
| 24:23 | Forest Troll High Priest |
| 24:37 | Gryphon Rider |
| 25:39 | Summon Water Elemental |
| 26:27 | Gryphon Rider |
| 26:27 | Gryphon Rider |
| 26:27 | Gryphon Rider |
| 26:49 | Gryphon Rider |
| 26:58 | Scroll of Regeneration |
| 27:05 | Scroll of Town Portal |
| 27:52 | Scroll of Town Portal |
| 27:53 | Scroll of Regeneration |
| 28:23 | Gryphon Rider |
| Right click | 1252 |
| Select | 351 |
| Select group | 261 |
| Build/train/purchase | 197 |
| Chat | 156 |
| Assign group | 82 |
| Misc. action | 43 |
| Use ability | 38 |
| Resource trade | 16 |
| Item give/drop | 6 |
| Esc | 5 |
| Minimap ping | 4 |


| Orb of Venom | 2 | 650 |
| Potion of Healing | 1 | 150 |
| Scroll of Town Portal | 6 | 2100 |
| Scroll of Healing | 1 | 250 |
| total: | 10 | 3150g |
| Wisp | 17 | 1020 | / | 0 |
| Archer | 2 | 260 | / | 20 |
| Huntress | 6 | 1170 | / | 120 |
| Hippogryph | 19 | 3040 | / | 380 |
| Chimaera | 11 | 3630 | / | 770 |
| Druid of the Claw | 2 | 510 | / | 160 |
| total: | 57 | 9630g | / | 1450w |
| Moon Well | 8 | 1440 | / | 320 |
| Altar of Elders | 1 | 180 | / | 50 |
| Ancient of War | 1 | 150 | / | 60 |
| Hunter's Hall | 1 | 210 | / | 100 |
| Ancient of Wonders | 1 | 90 | / | 30 |
| Tree of Life | 2 | 680 | / | 370 |
| Ancient of Wind | 1 | 150 | / | 140 |
| Ancient of Lore | 2 | 310 | / | 290 |
| Chimaera Roost | 2 | 280 | / | 380 |
| Tree of Ages | 1 | 320 | / | 180 |
| Tree of Eternity | 1 | 330 | / | 200 |
| total: | 19 | 3490g | / | 1740w |
| 0:05 | Wisp |
| 0:06 | Wisp |
| 0:07 | Wisp |
| 0:28 | Moon Well |
| 0:31 | Altar of Elders |
| 0:35 | Wisp |
| 0:36 | Wisp |
| 0:36 | Wisp |
| 0:47 | Ancient of War |
| 1:15 | Wisp |
| 1:16 | Wisp |
| 1:41 | Moon Well |
| 1:49 | Archer |
| 1:49 | Archer |
| 1:53 | Wisp |
| 2:12 | Moon Well |
| 2:32 | Hunter's Hall |
| 2:38 | Immolation |
| 3:47 | Evasion |
| 3:53 | Huntress |
| 3:53 | Huntress |
| 3:58 | Moon Well |
| 4:00 | Tree of Ages |
| 4:13 | Huntress |
| 4:35 | Ancient of Wonders |
| 5:47 | Tree of Life |
| 5:52 | Huntress |
| 5:55 | Strength of the Moon |
| 6:27 | Moon Glaive |
| 6:27 | Huntress |
| 6:30 | Tree of Eternity |
| 7:08 | Ancient of Wind |
| 7:36 | Immolation |
| 8:06 | Strength of the Wild |
| 8:07 | Reinforced Hides |
| 8:10 | Wisp |
| 8:10 | Wisp |
| 8:10 | Wisp |
| 8:11 | Wisp |
| 8:12 | Wisp |
| 9:13 | Huntress |
| 9:18 | Chimaera Roost |
| 9:53 | Evasion |
| 10:01 | Wisp |
| 10:01 | Wisp |
| 10:02 | Wisp |
| 10:22 | Chimaera Roost |
| 10:27 | Hippogryph |
| 10:28 | Hippogryph |
| 10:28 | Hippogryph |
| 10:30 | Hippogryph |
| 10:30 | Hippogryph |
| 10:38 | Moon Well |
| 10:51 | Scroll of Town Portal |
| 10:53 | Orb of Venom |
| 11:11 | Entangling Roots |
| 11:23 | Chimaera |
| 11:38 | Moon Well |
| 11:47 | Chimaera |
| 12:18 | Corrosive Breath |
| 12:20 | Chimaera |
| 13:30 | Chimaera |
| 13:42 | Scroll of Town Portal |
| 13:55 | Improved Strength of the Wild |
| 13:57 | Improved Reinforced Hides |
| 14:31 | Scroll of Town Portal |
| 14:39 | Chimaera |
| 14:52 | Potion of Healing |
| 14:58 | Thorns Aura |
| 15:21 | Hippogryph |
| 15:21 | Hippogryph |
| 15:37 | Chimaera |
| 15:49 | Scroll of Town Portal |
| 16:07 | Advanced Strength of the Wild |
| 16:30 | Hippogryph |
| 16:57 | Hippogryph |
| 19:02 | Entangling Roots |
| 19:16 | Immolation |
| 19:32 | Chimaera |
| 19:35 | Advanced Reinforced Hides |
| 20:15 | Thorns Aura |
| 20:42 | Chimaera |
| 20:43 | Chimaera |
| 20:45 | Hippogryph |
| 20:45 | Hippogryph |
| 20:45 | Hippogryph |
| 20:46 | Hippogryph |
| 21:10 | Scroll of Healing |
| 21:53 | Scroll of Town Portal |
| 21:53 | Scroll of Town Portal |
| 21:54 | Orb of Venom |
| 22:44 | Metamorphosis |
| 23:04 | Ancient of Lore |
| 23:08 | Ancient of Lore |
| 23:13 | Hippogryph |
| 23:13 | Hippogryph |
| 23:14 | Hippogryph |
| 23:15 | Hippogryph |
| 24:21 | Druid of the Claw Adept Training |
| 24:51 | Druid of the Claw Master Training |
| 24:52 | Druid of the Claw |
| 25:26 | Druid of the Claw |
| 25:44 | Chimaera |
| 25:45 | Chimaera |
| 26:09 | Hippogryph |
| 26:09 | Hippogryph |
| 26:18 | Moon Well |
| 26:20 | Moon Well |
| 26:52 | Tree of Life |
| Right click | 361 |
| Select | 306 |
| Build/train/purchase | 117 |
| Chat | 53 |
| Use ability | 15 |
| Resource trade | 10 |
| Item give/drop | 7 |
| Misc. action | 1 |
| Minimap ping | 1 |


| Orb of Venom | 2 | 650 |
| Anti-magic Potion | 4 | 400 |
| Potion of Healing | 3 | 450 |
| Moonstone | 2 | 100 |
| Scroll of Town Portal | 6 | 2100 |
| total: | 17 | 3700g |
| Wisp | 53 | 3180 | / | 0 |
| Archer | 10 | 1300 | / | 100 |
| Dryad | 23 | 3335 | / | 1380 |
| Druid of the Talon | 8 | 1160 | / | 160 |
| Mountain Giant | 3 | 1050 | / | 300 |
| total: | 97 | 10025g | / | 1940w |
| Ancient Protector | 8 | 1080 | / | 640 |
| Altar of Elders | 1 | 180 | / | 50 |
| Moon Well | 7 | 1260 | / | 280 |
| Ancient of War | 1 | 150 | / | 60 |
| Hunter's Hall | 1 | 210 | / | 100 |
| Ancient of Wonders | 1 | 90 | / | 30 |
| Tree of Life | 1 | 340 | / | 185 |
| Ancient of Lore | 2 | 310 | / | 290 |
| Ancient of Wind | 2 | 300 | / | 280 |
| Tree of Ages | 3 | 960 | / | 540 |
| Tree of Eternity | 2 | 660 | / | 400 |
| total: | 24 | 3920g | / | 1915w |
| 0:09 | Wisp |
| 0:09 | Wisp |
| 0:23 | Altar of Elders |
| 0:25 | Moon Well |
| 0:29 | Wisp |
| 0:41 | Ancient of War |
| 0:47 | Wisp |
| 0:47 | Wisp |
| 0:47 | Wisp |
| 0:54 | Wisp |
| 0:54 | Wisp |
| 1:00 | Wisp |
| 1:09 | Wisp |
| 1:40 | Moon Well |
| 1:46 | Archer |
| 1:46 | Archer |
| 1:46 | Archer |
| 1:46 | Archer |
| 1:54 | Archer |
| 1:54 | Archer |
| 2:09 | Moon Well |
| 2:25 | Archer |
| 2:31 | Wisp |
| 2:31 | Wisp |
| 2:31 | Wisp |
| 2:54 | Archer |
| 2:57 | Wisp |
| 2:57 | Wisp |
| 3:01 | Mana Burn |
| 3:15 | Wisp |
| 3:16 | Archer |
| 3:33 | Evasion |
| 3:34 | Archer |
| 3:52 | Tree of Ages |
| 3:53 | Tree of Ages |
| 4:32 | Moon Well |
| 4:36 | Hunter's Hall |
| 5:02 | Mana Burn |
| 5:19 | Moon Well |
| 6:17 | Improved Bows |
| 6:19 | Wisp |
| 6:19 | Wisp |
| 6:21 | Ancient of Lore |
| 6:25 | Ancient of Lore |
| 6:34 | Wisp |
| 6:36 | Ancient of Wonders |
| 6:37 | Ultravision |
| 6:37 | Strength of the Wild |
| 7:34 | Abolish Magic |
| 7:41 | Dryad |
| 7:41 | Dryad |
| 7:53 | Tree of Eternity |
| 8:00 | Scout |
| 8:01 | Scout |
| 8:42 | Dryad |
| 9:06 | Improved Strength of the Wild |
| 9:06 | Reinforced Hides |
| 9:06 | Improved Reinforced Hides |
| 9:12 | Dryad |
| 9:44 | Tree of Life |
| 10:20 | Hardened Skin |
| 10:21 | Resistant Skin |
| 10:36 | Orb of Venom |
| 10:36 | Orb of Venom |
| 10:37 | Anti-magic Potion |
| 10:47 | Wisp |
| 11:17 | Moon Well |
| 11:36 | Ancient of Wind |
| 12:41 | Wisp |
| 12:42 | Wisp |
| 12:44 | Wisp |
| 12:44 | Wisp |
| 12:44 | Wisp |
| 12:45 | Wisp |
| 12:45 | Wisp |
| 13:00 | Wisp |
| 13:01 | Wisp |
| 13:03 | Wisp |
| 13:04 | Wisp |
| 13:04 | Wisp |
| 13:15 | Evasion |
| 13:21 | Trueshot Aura |
| 13:29 | Ancient Protector |
| 13:32 | Ancient Protector |
| 13:46 | Wisp |
| 13:46 | Wisp |
| 13:47 | Ancient Protector |
| 13:49 | Ancient Protector |
| 13:52 | Scroll of Town Portal |
| 13:53 | Scroll of Town Portal |
| 13:53 | Scroll of Town Portal |
| 13:59 | Wisp |
| 13:59 | Wisp |
| 14:09 | Dryad |
| 14:10 | Dryad |
| 14:46 | Dryad |
| 14:46 | Dryad |
| 15:13 | Wisp |
| 15:13 | Wisp |
| 15:15 | Ancient Protector |
| 15:18 | Ancient Protector |
| 15:20 | Wisp |
| 15:20 | Wisp |
| 15:28 | Wisp |
| 15:28 | Wisp |
| 15:28 | Wisp |
| 15:38 | Dryad |
| 15:38 | Dryad |
| 15:42 | Ancient of Wind |
| 15:47 | Evasion |
| 15:55 | Well Spring |
| 15:57 | Advanced Strength of the Wild |
| 16:51 | Druid of the Talon Adept Training |
| 16:52 | Druid of the Talon Master Training |
| 16:52 | Druid of the Talon |
| 16:52 | Druid of the Talon |
| 16:52 | Druid of the Talon |
| 16:53 | Mountain Giant |
| 17:34 | Advanced Reinforced Hides |
| 17:54 | Mountain Giant |
| 18:11 | Dryad |
| 18:11 | Dryad |
| 18:27 | Metamorphosis |
| 18:27 | Metamorphosis |
| 18:27 | Metamorphosis |
| 18:44 | Dryad |
| 18:44 | Dryad |
| 19:06 | Dryad |
| 19:06 | Dryad |
| 19:17 | Wisp |
| 19:17 | Wisp |
| 19:21 | Mana Burn |
| 19:30 | Wisp |
| 19:32 | Moon Well |
| 20:16 | Dryad |
| 21:55 | Anti-magic Potion |
| 21:55 | Potion of Healing |
| 22:02 | Dryad |
| 22:03 | Dryad |
| 22:22 | Anti-magic Potion |
| 22:23 | Potion of Healing |
| 22:35 | Dryad |
| 22:36 | Dryad |
| 22:37 | Wisp |
| 22:37 | Wisp |
| 22:38 | Wisp |
| 22:38 | Wisp |
| 22:58 | Wisp |
| 22:58 | Wisp |
| 23:00 | Ancient Protector |
| 23:04 | Nature's Blessing |
| 23:10 | Immolation |
| 23:15 | Scroll of Town Portal |
| 23:36 | Druid of the Talon |
| 23:36 | Druid of the Talon |
| 23:36 | Druid of the Talon |
| 23:36 | Druid of the Talon |
| 24:33 | Potion of Healing |
| 24:36 | Moonstone |
| 24:37 | Moonstone |
| 24:38 | Scroll of Town Portal |
| 24:38 | Scroll of Town Portal |
| 24:52 | Mountain Giant |
| 25:15 | Druid of the Claw Adept Training |
| 26:21 | Dryad |
| 26:21 | Dryad |
| 26:22 | Druid of the Talon |
| 27:28 | Wisp |
| 27:32 | Ancient Protector |
| 27:38 | Anti-magic Potion |
| Right click | 1468 |
| Select | 1114 |
| Select group | 1013 |
| Misc. action | 446 |
| Build/train/purchase | 261 |
| Chat | 50 |
| Use ability | 37 |
| Assign group | 36 |
| Minimap ping | 14 |
| Resource trade | 10 |
| Item give/drop | 6 |
| Remove unit | 2 |
| Esc | 2 |
223 units @ 35.8k
/ 5.7k
87 buildings @ 12.7k
/ 6k



| Staff of Preservation | 1 | 150 |
| Orb of Venom | 1 | 325 |
| Scroll of Town Portal | 1 | 350 |
| Boots of Speed | 1 | 250 |
| total: | 4 | 1075g |
| Wisp | 27 | 1620 | / | 0 |
| Archer | 6 | 780 | / | 60 |
| Mountain Giant | 2 | 700 | / | 200 |
| Hippogryph | 29 | 4640 | / | 580 |
| total: | 64 | 7740g | / | 840w |
| Ancient Protector | 4 | 540 | / | 320 |
| Moon Well | 7 | 1260 | / | 280 |
| Altar of Elders | 1 | 180 | / | 50 |
| Ancient of War | 3 | 450 | / | 180 |
| Ancient of Wonders | 1 | 90 | / | 30 |
| Hunter's Hall | 1 | 210 | / | 100 |
| Tree of Life | 2 | 680 | / | 370 |
| Ancient of Lore | 1 | 155 | / | 145 |
| Ancient of Wind | 3 | 450 | / | 420 |
| Chimaera Roost | 1 | 140 | / | 190 |
| Tree of Ages | 1 | 320 | / | 180 |
| Tree of Eternity | 1 | 330 | / | 200 |
| total: | 24 | 4155g | / | 2085w |
| 0:05 | Moon Well |
| 0:06 | Wisp |
| 0:06 | Wisp |
| 0:06 | Wisp |
| 0:32 | Altar of Elders |
| 0:43 | Wisp |
| 0:44 | Wisp |
| 0:59 | Wisp |
| 1:08 | Ancient of War |
| 1:31 | Ancient of War |
| 1:50 | Ancient of War |
| 2:02 | Wisp |
| 2:02 | Wisp |
| 2:11 | Moon Well |
| 2:19 | Ancient of Wonders |
| 2:55 | Force of Nature |
| 2:59 | Wisp |
| 3:08 | Archer |
| 3:25 | Hunter's Hall |
| 3:49 | Wisp |
| 3:49 | Wisp |
| 3:49 | Wisp |
| 3:50 | Wisp |
| 3:53 | Moon Well |
| 4:58 | Tree of Life |
| 5:24 | Tree of Ages |
| 5:37 | Moon Well |
| 5:42 | Moon Well |
| 5:54 | Archer |
| 5:54 | Archer |
| 5:54 | Archer |
| 6:09 | Ancient Protector |
| 6:49 | Ancient Protector |
| 7:20 | Ancient Protector |
| 7:44 | Entangling Roots |
| 7:50 | Wisp |
| 7:50 | Wisp |
| 7:50 | Wisp |
| 7:53 | Ancient of Lore |
| 8:04 | Wisp |
| 8:04 | Wisp |
| 8:04 | Wisp |
| 8:05 | Wisp |
| 8:05 | Wisp |
| 8:08 | Wisp |
| 8:11 | Archer |
| 8:12 | Archer |
| 8:17 | Ancient of Wind |
| 8:42 | Ancient Protector |
| 9:11 | Mountain Giant |
| 9:11 | Mountain Giant |
| 9:17 | Thorns Aura |
| 9:27 | Nature's Blessing |
| 9:32 | Hippogryph |
| 9:32 | Hippogryph |
| 9:56 | Boots of Speed |
| 10:29 | Ultravision |
| 10:32 | Wisp |
| 10:32 | Wisp |
| 11:03 | Improved Bows |
| 11:04 | Strength of the Moon |
| 11:04 | Moon Armor |
| 11:05 | Reinforced Hides |
| 11:09 | Hippogryph |
| 11:09 | Hippogryph |
| 11:16 | Strength of the Wild |
| 11:56 | Black Arrow |
| 12:48 | Hippogryph |
| 12:48 | Hippogryph |
| 12:48 | Hippogryph |
| 12:53 | Ancient of Wind |
| 13:08 | Tree of Eternity |
| 13:17 | Wisp |
| 13:17 | Wisp |
| 13:21 | Moon Well |
| 13:25 | Force of Nature |
| 13:45 | Staff of Preservation |
| 14:59 | Hippogryph |
| 15:00 | Hippogryph |
| 15:00 | Hippogryph |
| 15:00 | Hippogryph |
| 15:00 | Hippogryph |
| 15:00 | Hippogryph |
| 15:26 | Improved Reinforced Hides |
| 15:42 | Orb of Venom |
| 15:50 | Silence |
| 16:00 | Scroll of Town Portal |
| 16:08 | Hardened Skin |
| 16:08 | Resistant Skin |
| 17:23 | Hippogryph |
| 17:23 | Hippogryph |
| 17:39 | Improved Strength of the Wild |
| 17:39 | Advanced Reinforced Hides |
| 18:18 | Ancient of Wind |
| 19:33 | Hippogryph |
| 19:33 | Hippogryph |
| 19:43 | Hippogryph |
| 20:25 | Advanced Strength of the Wild |
| 20:28 | Hippogryph |
| 20:28 | Hippogryph |
| 20:31 | Moon Well |
| 21:45 | Tree of Life |
| 22:10 | Life Drain |
| 22:31 | Chimaera Roost |
| 23:40 | Hippogryph |
| 23:40 | Hippogryph |
| 23:41 | Hippogryph |
| 23:48 | Wisp |
| 25:02 | Searing Arrows |
| 25:38 | Force of Nature |
| 25:45 | Hippogryph |
| 25:45 | Hippogryph |
| 25:45 | Hippogryph |
| 25:45 | Hippogryph |
| 26:19 | Hippogryph |
| 26:19 | Hippogryph |
| Right click | 564 |
| Select | 441 |
| Select group | 211 |
| Build/train/purchase | 117 |
| Chat | 56 |
| Use ability | 36 |
| Assign group | 34 |
| Item give/drop | 4 |
| Remove unit | 4 |
| Minimap ping | 4 |


| Rod of Necromancy | 3 | 450 |
| Orb of Corruption | 2 | 750 |
| Potion of Mana | 5 | 1000 |
| Potion of Healing | 1 | 150 |
| Dust of Appearance | 1 | 75 |
| Scroll of Town Portal | 1 | 350 |
| total: | 13 | 2775g |
| Acolyte | 8 | 600 | / | 0 |
| Ghoul | 1 | 120 | / | 0 |
| Crypt Fiend | 28 | 6020 | / | 1120 |
| Obsidian Statue | 7 | 1400 | / | 245 |
| Frost Wyrm | 5 | 1925 | / | 600 |
| Goblin Shredder | 2 | 750 | / | 200 |
| total: | 51 | 10815g | / | 2165w |
| Nerubian Tower | 2 | 200 | / | 40 |
| Spirit Tower | 1 | 145 | / | 40 |
| Graveyard | 1 | 215 | / | 0 |
| Crypt | 2 | 400 | / | 100 |
| Altar of Darkness | 1 | 180 | / | 50 |
| Ziggurat | 9 | 1350 | / | 450 |
| Tomb of Relics | 1 | 130 | / | 30 |
| Slaughterhouse | 1 | 140 | / | 135 |
| Sacrificial Pit | 1 | 75 | / | 150 |
| Boneyard | 3 | 525 | / | 600 |
| Halls of the Dead | 1 | 320 | / | 210 |
| Black Citadel | 2 | 650 | / | 460 |
| total: | 19 | 3015g | / | 1515w |
| 0:06 | Acolyte |
| 0:11 | Graveyard |
| 0:15 | Crypt |
| 0:20 | Acolyte |
| 0:20 | Acolyte |
| 0:43 | Altar of Darkness |
| 1:01 | Ziggurat |
| 1:18 | Ghoul |
| 1:35 | Tomb of Relics |
| 1:53 | Crypt Fiend |
| 2:11 | Crypt Fiend |
| 2:37 | Ziggurat |
| 2:48 | Rod of Necromancy |
| 2:51 | Death Coil |
| 3:17 | Dust of Appearance |
| 3:30 | Crypt Fiend |
| 3:30 | Crypt Fiend |
| 3:37 | Crypt Fiend |
| 3:53 | Unholy Aura |
| 4:43 | Halls of the Dead |
| 5:14 | Goblin Shredder |
| 5:15 | Goblin Shredder |
| 5:29 | Ziggurat |
| 5:35 | Ziggurat |
| 6:08 | Rod of Necromancy |
| 6:08 | Rod of Necromancy |
| 6:23 | Creature Attack |
| 6:24 | Creature Carapace |
| 6:26 | Crypt Fiend |
| 6:26 | Crypt Fiend |
| 6:49 | Death Coil |
| 8:40 | Web |
| 8:45 | Slaughterhouse |
| 8:47 | Acolyte |
| 8:47 | Acolyte |
| 8:47 | Acolyte |
| 8:48 | Acolyte |
| 8:48 | Acolyte |
| 9:40 | Frost Nova |
| 9:58 | Obsidian Statue |
| 9:58 | Obsidian Statue |
| 10:03 | Black Citadel |
| 10:06 | Improved Creature Attack |
| 10:27 | Sacrificial Pit |
| 10:32 | Improved Creature Carapace |
| 10:47 | Advanced Creature Carapace |
| 10:52 | Ziggurat |
| 11:12 | Ziggurat |
| 11:54 | Crypt Fiend |
| 11:55 | Crypt Fiend |
| 12:13 | Unholy Aura |
| 13:27 | Frost Armor |
| 13:33 | Frost Nova |
| 14:19 | Boneyard |
| 14:21 | Boneyard |
| 14:23 | Boneyard |
| 15:34 | Crypt Fiend |
| 15:34 | Crypt Fiend |
| 15:35 | Crypt Fiend |
| 15:35 | Crypt Fiend |
| 15:35 | Crypt Fiend |
| 15:35 | Crypt Fiend |
| 15:35 | Crypt Fiend |
| 15:38 | Freezing Breath |
| 15:45 | Crypt |
| 15:55 | Nerubian Tower |
| 15:57 | Nerubian Tower |
| 15:59 | Spirit Tower |
| 16:01 | Advanced Creature Attack |
| 16:55 | Crypt Fiend |
| 16:55 | Crypt Fiend |
| 16:55 | Crypt Fiend |
| 16:59 | Crypt Fiend |
| 17:07 | Obsidian Statue |
| 17:09 | Obsidian Statue |
| 17:33 | Frost Wyrm |
| 17:40 | Ziggurat |
| 18:02 | Orb of Corruption |
| 18:02 | Orb of Corruption |
| 18:19 | Potion of Mana |
| 18:45 | Frost Wyrm |
| 18:45 | Frost Wyrm |
| 19:42 | Ziggurat |
| 19:48 | Ziggurat |
| 20:20 | Frost Armor |
| 20:25 | Death Coil |
| 20:52 | Crypt Fiend |
| 20:59 | Frost Wyrm |
| 21:42 | Frost Nova |
| 22:39 | Death and Decay |
| 23:10 | Scroll of Town Portal |
| 23:14 | Potion of Mana |
| 23:14 | Potion of Mana |
| 23:17 | Potion of Healing |
| 23:20 | Crypt Fiend |
| 23:20 | Crypt Fiend |
| 23:20 | Crypt Fiend |
| 23:25 | Obsidian Statue |
| 23:25 | Obsidian Statue |
| 23:26 | Obsidian Statue |
| 23:33 | Potion of Mana |
| 23:33 | Potion of Mana |
| 24:11 | Crypt Fiend |
| 24:12 | Crypt Fiend |
| 24:38 | Crypt Fiend |
| 25:25 | Frost Wyrm |
| 25:36 | Burrow |
| 25:40 | Crypt Fiend |
| 27:00 | Frost Armor |
| Right click | 1310 |
| Select | 392 |
| Build/train/purchase | 128 |
| Select group | 72 |
| Use ability | 41 |
| Misc. action | 35 |
| Assign group | 33 |
| Item give/drop | 6 |
| Chat | 5 |
| Minimap ping | 4 |
| Remove unit | 2 |

| Lesser Clarity Potion | 3 | 210 |
| Scroll of Regeneration | 1 | 100 |
| Potion of Mana | 1 | 200 |
| Scroll of Town Portal | 3 | 1050 |
| total: | 8 | 1560g |
| Peasant | 18 | 1350 | / | 0 |
| Footman | 10 | 1350 | / | 0 |
| Knight | 26 | 6370 | / | 1560 |
| Forest Troll High Priest | 1 | 305 | / | 40 |
| Kobold Geomancer | 1 | 255 | / | 30 |
| total: | 56 | 9630g | / | 1630w |
| Altar of Kings | 1 | 180 | / | 50 |
| Barracks | 2 | 320 | / | 120 |
| Farm | 13 | 1040 | / | 260 |
| Blacksmith | 2 | 280 | / | 120 |
| Lumber Mill | 1 | 120 | / | 0 |
| Arcane Vault | 1 | 130 | / | 30 |
| Town Hall | 1 | 385 | / | 205 |
| Keep | 2 | 640 | / | 420 |
| Castle | 2 | 720 | / | 420 |
| total: | 21 | 2455g | / | 785w |
| 0:13 | Peasant |
| 0:13 | Peasant |
| 0:30 | Altar of Kings |
| 0:38 | Peasant |
| 0:45 | Barracks |
| 0:49 | Peasant |
| 0:58 | Peasant |
| 1:01 | Farm |
| 1:05 | Farm |
| 1:23 | Peasant |
| 1:24 | Peasant |
| 1:48 | Footman |
| 1:53 | Farm |
| 1:56 | Footman |
| 2:16 | Peasant |
| 2:16 | Peasant |
| 2:21 | Footman |
| 2:44 | Holy Light |
| 2:49 | Keep |
| 3:07 | Footman |
| 3:08 | Footman |
| 3:12 | Blacksmith |
| 3:46 | Devotion Aura |
| 3:48 | Footman |
| 3:52 | Lumber Mill |
| 4:02 | Footman |
| 4:12 | Farm |
| 4:20 | Defend |
| 4:39 | Iron Forged Swords |
| 4:39 | Steel Forged Swords |
| 4:53 | Footman |
| 5:35 | Footman |
| 5:36 | Farm |
| 5:41 | Arcane Vault |
| 5:49 | Holy Light |
| 5:56 | Farm |
| 5:57 | Farm |
| 5:59 | Castle |
| 6:46 | Footman |
| 6:49 | Barracks |
| 6:52 | Mithril Forged Swords |
| 7:22 | Forest Troll High Priest |
| 8:20 | Knight |
| 8:31 | Farm |
| 8:37 | Town Hall |
| 9:10 | Devotion Aura |
| 9:49 | Knight |
| 9:52 | Iron Plating |
| 10:03 | Farm |
| 10:08 | Peasant |
| 10:08 | Peasant |
| 10:54 | Knight |
| 11:25 | Knight |
| 12:50 | Knight |
| 13:03 | Knight |
| 13:05 | Animal War Training |
| 13:18 | Knight |
| 13:35 | Devotion Aura |
| 13:38 | Farm |
| 13:39 | Peasant |
| 13:40 | Peasant |
| 13:42 | Improved Masonry |
| 13:46 | Steel Plating |
| 14:50 | Knight |
| 15:09 | Knight |
| 15:23 | Scroll of Town Portal |
| 15:49 | Farm |
| 16:08 | Scroll of Town Portal |
| 17:16 | Knight |
| 17:36 | Farm |
| 17:41 | Mithril Plating |
| 17:49 | Kobold Geomancer |
| 18:40 | Resurrection |
| 18:44 | Knight |
| 18:45 | Knight |
| 19:03 | Knight |
| 19:26 | Knight |
| 19:26 | Knight |
| 19:48 | Lesser Clarity Potion |
| 20:44 | Farm |
| 20:52 | Blacksmith |
| 21:12 | Divine Shield |
| 21:39 | Knight |
| 22:01 | Holy Light |
| 23:01 | Peasant |
| 23:01 | Peasant |
| 23:02 | Peasant |
| 23:27 | Scroll of Town Portal |
| 23:28 | Lesser Clarity Potion |
| 23:29 | Scroll of Regeneration |
| 23:38 | Divine Shield |
| 23:43 | Potion of Mana |
| 23:53 | Knight |
| 24:30 | Knight |
| 24:31 | Knight |
| 24:33 | Peasant |
| 24:33 | Peasant |
| 24:36 | Lesser Clarity Potion |
| 25:10 | Knight |
| 25:10 | Knight |
| 25:36 | Knight |
| 26:06 | Knight |
| 26:41 | Knight |
| 26:42 | Knight |
| 26:58 | Knight |
| 28:03 | Divine Shield |
| Right click | 397 |
| Select | 278 |
| Misc. action | 154 |
| Build/train/purchase | 114 |
| Select group | 100 |
| Use ability | 40 |
| Assign group | 21 |
| Chat | 13 |
| Esc | 3 |
| Item give/drop | 2 |
| Minimap ping | 2 |

| Lesser Clarity Potion | 11 | 770 |
| Scroll of Regeneration | 7 | 700 |
| Orb of Fire | 1 | 325 |
| Potion of Mana | 2 | 400 |
| Scroll of Town Portal | 6 | 2100 |
| Scroll of Healing | 1 | 250 |
| Staff of Teleportation | 1 | 150 |
| Boots of Speed | 1 | 250 |
| Scroll of Protection | 1 | 150 |
| total: | 31 | 5095g |
| Peasant | 27 | 2025 | / | 0 |
| Footman | 8 | 1080 | / | 0 |
| Gryphon Rider | 11 | 3080 | / | 770 |
| Priest | 3 | 405 | / | 30 |
| Goblin Shredder | 2 | 750 | / | 200 |
| Goblin Zeppelin | 1 | 240 | / | 60 |
| total: | 52 | 7580g | / | 1060w |
| Altar of Kings | 1 | 180 | / | 50 |
| Barracks | 1 | 160 | / | 60 |
| Farm | 11 | 880 | / | 220 |
| Arcane Vault | 1 | 130 | / | 30 |
| Town Hall | 2 | 770 | / | 410 |
| Lumber Mill | 1 | 120 | / | 0 |
| Blacksmith | 1 | 140 | / | 60 |
| Gryphon Aviary | 4 | 560 | / | 600 |
| Arcane Sanctum | 1 | 150 | / | 140 |
| Keep | 4 | 1280 | / | 840 |
| Castle | 1 | 360 | / | 210 |
| total: | 23 | 3090g | / | 1570w |
| 0:03 | Peasant |
| 0:11 | Peasant |
| 0:11 | Peasant |
| 0:15 | Altar of Kings |
| 0:20 | Barracks |
| 0:24 | Farm |
| 0:30 | Peasant |
| 0:40 | Peasant |
| 0:50 | Peasant |
| 0:55 | Peasant |
| 1:16 | Farm |
| 1:21 | Peasant |
| 1:31 | Farm |
| 1:42 | Peasant |
| 1:51 | Arcane Vault |
| 1:55 | Footman |
| 2:01 | Storm Bolt |
| 2:03 | Peasant |
| 2:13 | Peasant |
| 2:22 | Footman |
| 2:22 | Footman |
| 2:22 | Footman |
| 2:33 | Peasant |
| 2:45 | Farm |
| 2:48 | Peasant |
| 2:55 | Peasant |
| 3:07 | Thunder Clap |
| 3:07 | Thunder Clap |
| 3:13 | Peasant |
| 3:39 | Town Hall |
| 3:42 | Peasant |
| 3:47 | Lesser Clarity Potion |
| 3:48 | Scroll of Regeneration |
| 3:50 | Footman |
| 4:20 | Footman |
| 4:38 | Lesser Clarity Potion |
| 4:48 | Keep |
| 4:48 | Keep |
| 4:58 | Thunder Clap |
| 5:03 | Lumber Mill |
| 5:17 | Goblin Shredder |
| 5:33 | Blacksmith |
| 6:21 | Scroll of Regeneration |
| 6:23 | Lesser Clarity Potion |
| 6:31 | Footman |
| 6:31 | Footman |
| 6:31 | Iron Forged Swords |
| 6:32 | Steel Forged Swords |
| 6:32 | Mithril Forged Swords |
| 6:33 | Farm |
| 6:34 | Farm |
| 6:37 | Farm |
| 6:37 | Farm |
| 6:55 | Staff of Teleportation |
| 7:01 | Boots of Speed |
| 7:09 | Castle |
| 7:22 | Lesser Clarity Potion |
| 7:28 | Goblin Zeppelin |
| 7:37 | Gryphon Aviary |
| 7:38 | Gryphon Aviary |
| 7:39 | Gryphon Aviary |
| 7:39 | Gryphon Aviary |
| 7:50 | Defend |
| 9:24 | Scroll of Regeneration |
| 9:30 | Gryphon Rider |
| 9:33 | Storm Hammers |
| 9:35 | Animal War Training |
| 9:37 | Scroll of Town Portal |
| 9:56 | Arcane Sanctum |
| 9:57 | Gryphon Rider |
| 10:07 | Gryphon Rider |
| 10:15 | Gryphon Rider |
| 10:15 | Gryphon Rider |
| 10:15 | Gryphon Rider |
| 10:26 | Farm |
| 11:02 | Gryphon Rider |
| 11:20 | Studded Leather Armor |
| 11:33 | Priest Adept Training |
| 12:11 | Gryphon Rider |
| 12:28 | Storm Bolt |
| 12:36 | Priest Master Training |
| 12:37 | Reinforced Leather Armor |
| 13:07 | Gryphon Rider |
| 13:34 | Storm Bolt |
| 13:42 | Priest |
| 13:42 | Priest |
| 13:48 | Scroll of Healing |
| 13:48 | Scroll of Protection |
| 14:17 | Gryphon Rider |
| 15:12 | Gryphon Rider |
| 15:20 | Scroll of Regeneration |
| 15:36 | Scroll of Town Portal |
| 15:37 | Scroll of Town Portal |
| 15:37 | Scroll of Town Portal |
| 16:43 | Dragonhide Armor |
| 16:45 | Priest |
| 17:34 | Avatar |
| 17:34 | Thunder Clap |
| 17:34 | Thunder Clap |
| 17:47 | Farm |
| 17:47 | Farm |
| 19:14 | Lesser Clarity Potion |
| 19:28 | Scroll of Town Portal |
| 19:41 | Peasant |
| 19:41 | Peasant |
| 19:41 | Peasant |
| 19:41 | Peasant |
| 20:00 | Lesser Clarity Potion |
| 20:01 | Scroll of Regeneration |
| 20:29 | Bash |
| 20:41 | Peasant |
| 20:41 | Peasant |
| 20:46 | Town Hall |
| 22:22 | Bash |
| 23:18 | Peasant |
| 23:18 | Peasant |
| 23:18 | Peasant |
| 23:27 | Keep |
| 23:30 | Orb of Fire |
| 23:30 | Lesser Clarity Potion |
| 23:31 | Potion of Mana |
| 23:41 | Peasant |
| 23:41 | Peasant |
| 23:57 | Scroll of Town Portal |
| 24:41 | Goblin Shredder |
| 24:56 | Lesser Clarity Potion |
| 24:56 | Lesser Clarity Potion |
| 25:54 | Lesser Clarity Potion |
| 25:56 | Potion of Mana |
| 27:06 | Bash |
| 27:48 | Lesser Clarity Potion |
| 27:48 | Scroll of Regeneration |
| 27:50 | Scroll of Regeneration |
| Select group | 1434 |
| Right click | 1319 |
| Select | 368 |
| Misc. action | 238 |
| Build/train/purchase | 189 |
| Assign group | 163 |
| Minimap ping | 36 |
| Use ability | 33 |
| Resource trade | 32 |
| Item give/drop | 4 |
| Esc | 1 |
⇛